 Dungeon Crawl Stone Soup version 0.28.0 (webtiles) character file.

Game seed: 11434663902007245395

291 Illumine the Cudgeller (level 6, 0/61 HPs)
             Began as a Troll Monk on Feb 19, 2022.
             Slain by an ogre (18 damage)
             ... on level 4 of the Dungeon.
             The game lasted 00:02:18 (2103 turns).

Illumine the Cudgeller (Troll Monk)                 Turns: 2103, Time: 00:02:18

Health: 0/61       AC:  4    Str: 22    XL:     6   Next: 10%
Magic:  5/5        EV: 10    Int:  6    God:
Gold:   134        SH:  0    Dex: 12    Spells: 5/5 levels left

rFire   . . .      SeeInvis +   k - +9 spear of Sloth {venom, rC+++ rCorr SInv Stlth-}
rCold   + + +      Faith    .   (no shield)
rNeg    . . .      Spirit   .   b - +0 robe
rPois   .          Reflect  .   (helmet restricted)
rElec   .          Harm     .   (no cloak)
rCorr   +          Rampage  .   (gloves unavailable)
Will    .....                   (boots unavailable)
Stlth   +.........              m - amulet of the acrobat
HPRegen 1.00/turn               o - ring of see invisible
MPRegen 0.09/turn               (no ring)

@: no status effects
A: large, unfitting armour, claws 3, regeneration 1, shaggy fur 1, tough skin 1
a: no special abilities


You were on level 4 of the Dungeon.
You visited 1 branch of the dungeon, and saw 4 of its levels.

You collected 134 gold pieces.

Inventory:

Hand Weapons
 a - a +0 mace
 k - the +9 spear of Sloth (weapon) {venom, rC+++ rCorr SInv Stlth-}
   (You found it on level 2 of the Dungeon)

   It poisons the flesh of those it strikes.
   rC:        It renders you almost immune to cold.
   SInv:      It lets you see invisible.
   rCorr:     It protects you from acid and corrosion.
   Stlth:     It makes you less stealthy.
Armour
 b - a +0 robe (worn)
Jewellery
 m - an amulet of the acrobat (around neck)
 o - a ring of see invisible (left claw)
Scrolls
 c - 2 scrolls of identify {unknown}
 d - a scroll of teleportation {unknown}
 e - 3 scrolls of amnesia {unknown}
 f - a scroll of enchant armour {unknown}
 g - a scroll of enchant weapon {unknown}
 h - 4 scrolls of noise {unknown}
 i - a scroll of fear {unknown}
 j - a scroll of blinking {unknown}
Potions
 l - a potion of degeneration {unknown}
 n - a potion of heal wounds {unknown}


   Skills:
 + Level 3.4 Fighting
 - Level 4.0 Maces & Flails
 * Level 2.3 Polearms
 + Level 3.4 Dodging
 - Level 1.0 Stealth


You had 5 spell levels left.
You didn't know any spells.
Your spell library contained the following spells:

 Spells                   Type           Power      Damage    Failure   Level
 Sandblast                Erth           0%         2d4       45%         1
 Passwall                 Tmut/Erth      0%         N/A       58%         2
 Scorch                   Fire           0%         2d5       58%         2
 Ignite Poison            Fire/Tmut/Pois 0%         N/A       83%         3
 Mephitic Cloud           Conj/Pois/Air  0%         N/A       83%         3
 Stone Arrow              Conj/Erth      0%         3d7       83%         3
 Flame Wave               Conj/Fire      0%         2d4       99%         4
 Freezing Cloud           Conj/Ice/Air   0%         6-21      100%        5
 Summon Cactus Giant      Summ           0%         N/A       100%        6


Dungeon Overview and Level Annotations

Branches:
Dungeon (4/15)
 Temple: D:4-7

Altars:
Dithmenos
Fedhas
Yredelemnul

Shops:
D:1 ?

Annotations:
D:4 Blork the orc


Innate Abilities, Weirdness & Mutations

You are too large for most types of armour.
You have claws for hands.
Your natural rate of healing is unusually fast.
You are covered in fur. (AC +1)
You have tough skin. (AC +1)


Message History

The endoplasm is almost dead.
You kill the endoplasm!
An ogre comes into view. It is wielding a +0 giant club.
The ogre shouts!
You see here a bubbling purple potion.
Blork the orc comes into view.
He is wielding a +0 trident and carrying a wand of flame (16).
There are monsters nearby!
Blork the orc shouts!
An adder comes into view.
Blork the orc screams, "I'll break your legs!"
There are monsters nearby!
You reach to attack!
You barely miss the ogre.
The adder hisses angrily.
You hit the ogre.
The ogre is poisoned.
The ogre is lightly wounded.
The ogre closely misses you.
Blork the orc mumbles some strange words.
Blork the orc seems to speed up.
You see here a bubbling purple potion.
The adder bites you but does no damage.
Blork the orc screams, "I'm much stronger than you!"
Blork the orc looks satisfied for a moment.
You closely miss the ogre.
The ogre is moderately wounded.
The adder bites you. The ogre hits you with a +0 giant club!
Blork the orc barely misses you. The adder closely misses you.
You hit the adder.
The adder is moderately wounded.
Blork the orc hits you from afar with a +0 trident!
The adder bites you but does no damage.
You closely miss the adder.
The adder is moderately wounded.
Blork the orc looks braver for a moment.
The ogre hits you with a +0 giant club! The adder bites you but does no damage.
You puncture the adder!
You kill the adder!
Blork the orc zaps a wand.
The puff of flame hits you!
* * * LOW HITPOINT WARNING * * *
The ogre hits you with a +0 giant club!!
You die...

..........
......... #........
#........
#####........
#....!.....>.
#....o#######
#...O†# ###..@#
#...# #...# #..)#
#...#
#...###############
#.................#
##...........######
#...........#


You could see Blork the orc (fast) and an ogre (poisoned).

Vanquished Creatures
  An ogre (D:4)
  A bullfrog zombie (D:3)
  An iguana (D:3)
  Terence (D:2)
  6 adders
  7 worms
  4 dart slugs
  3 orcs
  4 ball pythons
  3 endoplasms
  4 giant cockroaches
  8 goblins
  A hobgoblin (D:3)
  4 kobolds
  3 quokkas
  3 bats
  5 frilled lizards
  4 rats
63 creatures vanquished.

Notes
Turn   | Place    | Note
-------+----------+-------------------------------------------
     0 | D:1      | Illumine the Troll Monk began the quest for the Orb.
     0 | D:1      | Reached XP level 1. HP: 22/22 MP: 0/0
   385 | D:1      | Reached skill level 3 in Maces & Flails
   385 | D:1      | Reached XP level 2. HP: 29/29 MP: 1/1
   557 | D:1      | Found Tappex's Magic Scroll Emporium.
  1121 | D:2      | Reached XP level 3. HP: 35/36 MP: 2/2
  1377 | D:2      | Identified the +9 spear of Sloth {venom, rC+++ rCorr SInv
                  | Stlth-}
  1430 | D:2      | Reached XP level 4. HP: 40/44 MP: 3/3
  1446 | D:2      | Found a basalt altar of Yredelemnul.
  1485 | D:2      | Noticed Terence
  1490 | D:2      | Killed Terence
  1616 | D:3      | Reached skill level 1 in Polearms
  1627 | D:3      | Reached XP level 5. HP: 42/53 MP: 4/4
  1630 | D:3      | Reached skill level 4 in Maces & Flails
  1987 | D:4      | Noticed an ogre
  1995 | D:4      | Killed an ogre
  1996 | D:4      | Reached XP level 6. HP: 41/61 MP: 5/5
  2023 | D:4      | Found a shadowy altar of Dithmenos.
  2065 | D:4      | Found a blossoming altar of Fedhas.
  2091 | D:4      | Noticed Blork the orc
  2103 | D:4      | Slain by an ogre

Illustrated notes

Levels and vault maps discovered:
D:1:      dpeg_arrival_chambers_temple_mockup, layout_basic, serial_shops,
          shop_scrolls
D:2:      layout_rooms, basic_altar, uniq_terence
D:3:      layout_basic
D:4:      layout_basic, mainiacjoe_overflow_cross_hatched,
          lemuel_coloured_pillars_altar, lemuel_mausoleum_altar_yredelemnul,
          fedhas_altar_1, glass_columns_a, minivault_11, uniq_blork_the_orc

Skill      XL: |  1  2  3  4  5 |
---------------+----------------+-----
Maces & Flails | 3 4 |  4.0
Fighting       | 3 |  3.4
Dodging        | 3 |  3.4
Polearms       | 1 2 |  2.3
Stealth        | |  1.0

Action                   |  1- 3 |  4- 6 || total
-------------------------+-------+-------++-------
Melee: Mace              |   131 |       ||   131
       Spear             |     4 |    65 ||    69
       Punch             |     1 |       ||     1
 Stab: Sleeping          |     2 |       ||     2
Armor: Robe              |    62 |    14 ||    76
Dodge: Dodged            |    93 |    21 ||   114
